[Event "*** Titled Tuesday Blitz"]
[Site "Chess.com"]
[Date "2018.11.06"]
[Round "3"]
[White "GhostOfGreenval"]
[Black "alishersuleymenov"]
[Result "1/2-1/2"]
[WhiteElo "2693"]
[BlackElo "2500"]
[TimeControl "180+2"]
[EndTime "13:37:41 PST"]
[Termination "Game drawn by repetition"]

1. c4 c5 2. g3 g6 3. Bg2 Bg7 4. Nc3 Nc6 5. d3 e6 6. Rb1 Nge7 7. e4 O-O 8. Nge2 d5 9. exd5 exd5 10.
cxd5 Nb4 11. O-O Nexd5 12. Nxd5 Nxd5 13. Nf4 Nxf4 14. Bxf4 Qb6 15. Re1 Be6 16. b3 Rad8 17.
Qc2 Rd7 18. Be3 Bd4 19. Bxd4 Rxd4 20. Rbc1 Rc8 21. Re5 Rcd8 22. Bf1 R4d5 23. Re3 Qd6 24. Bg2 Rxd3 25. Rxd3 Qxd3 26. Qxd3 Rxd3 27. Bxb7 Rd2 28. Rxc5 Bh3 29. Rc1 Rxa2 30. Bd5 Kg7 31. f4 Rd2 32. Be4 Be6 33. Ra1 Rd7 34. b4 Rd4 35. Bf3 Rxb4 36.
Rxa7 Rb1+ 37. Kf2 Rb2+ 38. Kg1 Rb1+ 39. Kf2 Rb2+ 40. Kg1 Rb1+ 1/2-1/2

[Event "*** Titled Tuesday Blitz"]
[Site "Chess.com"]
[Date "2018.11.06"]
[Round "3"]
[White "LastGladiator1"]
[Black "Bauxi435"]
[Result "1-0"]
[WhiteElo "2636"]
[BlackElo "2428"]
[TimeControl "180+2"]
[EndTime "13:37:42 PST"]
[Termination "LastGladiator1 won by resignation"]

1. d4 Nf6 2. c4 e6 3. Nc3 d5 4. Bg5 Be7 5. e3 O-O 6. Qc2 a6 7. cxd5 exd5 8. Bd3 h6 9. Bh4 Nbd7 10.
Nge2 c5 11. O-O c4 12. Bf5 b5 13. a3 Bb7 14. f3 Re8 15. Bg3 Nf8 16. Rad1 Qb6 17.
Kh1 Nh5 18. Bf2 g6 19. Bh3 Rad8 20. e4 Bf6 21. e5 Bh8 22. f4 Ng7 23. f5 gxf5 24.
Bxf5 Nxf5 25. Qxf5 Bc8 26. Qf3 Be6 27. Bh4 Rd7 28.
Nf4 Ng6 29. Qg3 Kh7 30. Nh5 Rg8 31. Bf6 Rb7 32. Bxh8 Rxh8 33. Nf6+ Kg7 34. Ncxd5 Bxd5 35. Nxd5 Qe6 36. Nf4 Qf5 37. Qf3 Qxf4 38. Qxb7 1-0

[Event "*** Titled Tuesday Blitz"]
[Site "Chess.com"]
[Date "2018.11.06"]
[Round "3"]
[White "BvsN"]
[Black "xavielhumilde_1999"]
[Result "0-1"]
[WhiteElo "2218"]
[BlackElo "2281"]
[TimeControl "180+2"]
[EndTime "13:37:44 PST"]
[Termination "xavielhumilde_1999 won by checkmate"]

1. d4 Nf6 2. c4 e6 3. Nc3 c5 4. d5 exd5 5. cxd5 d6 6. e4 g6 7.
Nge2 Bg7 8. Ng3 a6 9. a4 O-O 10. Be2 Nbd7 11. Bg5 h6 12. Be3 h5 13. Bg5 Qa5 14.
O-O Nh7 15. Bf4 Ne5 16. Qd2 h4 17. Nh1 h3 18. g3 f5 19. exf5 Bxf5 20. f3 Rae8 21.
Rae1 Nf7 22. g4 Bd7 23. Nf2 Bd4 24. Kh1 Bxf2 25. Rxf2 Qb4 26. Bg3 Ne5 27. Bxe5 Rxe5 28. Bd3 Rxe1+ 29. Qxe1 Ng5 30. Qe7 Qf4 31. Qxd7 Qc1+ 32.
Rf1 Qxb2 33. Ne2 Qd2 34. Bxg6 Qxe2 35. Rg1 Qxf3+ 36. Rg2 Qxg2# 0-1

[Event "*** Titled Tuesday Blitz"]
[Site "Chess.com"]
[Date "2018.11.06"]
[Round "3"]
[White "Fins0905"]
[Black "TigranLPetrosyan"]
[Result "0-1"]
[WhiteElo "2575"]
[BlackElo "2823"]
[TimeControl "180+2"]
[EndTime "13:37:45 PST"]
[Termination "TigranLPetrosyan won by resignation"]

1. e4 g6 2. d4 Bg7 3. Nf3 d6 4. Bc4 Nf6 5. Qe2 O-O 6. O-O Bg4 7. c3 e6 8. h3 Bxf3 9. Qxf3 d5 10. exd5 exd5 11.
Bb3 Re8 12. Bg5 c6 13. Nd2 Nbd7 14. Bc2 Qb6 15. Rab1 Re6 16. b4 Rae8 17. Bd3 Ne4 18. Bxe4 dxe4 19. Qe2 Qc7 20. Rfd1 h6 21. Bh4 f5 22. Bg3 f4 23. Bh2 g5 24. b5 e3 25.
fxe3 Rxe3 26. Qc4+ Kh8 27. bxc6 Nb6 28. Qc5 Qxc6 29.
c4 Na4 30. Qxc6 bxc6 31. Nf1 R3e4 32. d5 cxd5 33. cxd5 Nc3 34. g3 Nxd1 35. Rxd1 Rd4 36. Rxd4 Bxd4+ 37. Kg2 Re2+ 38. Kf3 Rf2+ 39. Ke4 Rxf1 40. gxf4 Bb6 0-1

[Event "*** Titled Tuesday Blitz"]
[Site "Chess.com"]
[Date "2018.11.06"]
[Round "3"]
[White "Supernotar"]
[Black "Aklanion"]
[Result "0-1"]
[WhiteElo "2339"]
[BlackElo "2192"]
[TimeControl "180+2"]
[EndTime "13:37:50 PST"]
[Termination "Aklanion won by checkmate"]

1. d4 Nf6 2. c4 g6 3. Nc3 Bg7 4. e4 d6 5. Be2 O-O 6. Nf3 e5 7. O-O Nc6 8. d5 Ne7 9. Ne1 Nd7 10. Be3 f5 11. f3 f4 12. Bf2 g5 13. a4 a5 14. Nd3 b6 15. b4 axb4 16. Nxb4 h5 17. Nc6 Nxc6 18. dxc6 Nc5 19. Nd5 Rf7 20. Bxc5 dxc5 21.
a5 bxa5 22. Qd2 g4 23. Rxa5 Rxa5 24. Qxa5 Bf8 25. Qa8 Rg7 26. Rb1 Kh7 27. Rb8 Qh4 28. fxg4 f3 29. gxf3 Qe1+ 30. Bf1 hxg4 31. f4 g3 32.
Nf6+ Kh8 33. Qa2 gxh2+ 34. Kxh2 Qh4+ 35. Bh3 Qxh3# 0-1

[Event "*** Titled Tuesday Blitz"]
[Site "Chess.com"]
[Date "2018.11.06"]
[Round "3"]
[White "WorldChampionBulletChess"]
[Black "albi1999"]
[Result "0-1"]
[WhiteElo "2231"]
[BlackElo "2447"]
[TimeControl "180+2"]
[EndTime "13:37:50 PST"]
[Termination "albi1999 won by resignation"]

1. d4 d5 2. c4 e6 3. Nf3 Nf6 4. Nc3 c5 5. e3 Nc6 6. Be2 a6 7. cxd5 exd5 8. dxc5 Bxc5 9. O-O O-O 10. b3 Be6 11. Bb2 Qe7 12. Rc1 Rad8 13. Nd4 Ne5 14.
Na4 Bd6 15. Nxe6 fxe6 16. Nc5 Bxc5 17. Bxe5 Ne4 18. Bf3 Ng5 19. Be2 Rf5 20. Bg3 Ne4 21. Qc2 Ba3 22. Rcd1 h5 23. f3 Nxg3 24. hxg3 Qg5 25. Bd3 Rf6 26. Qc7 Rff8 27. Qxb7 Qxg3 28. Qxa6 Bd6 29. a4 Qh2+ 30. Kf2 Bg3+ 31. Ke2 Qxg2+ 0-1

[Event "*** Titled Tuesday Blitz"]
[Site "Chess.com"]
[Date "2018.11.06"]
[Round "3"]
[White "Annawel"]
[Black "GukeshDommaraju"]
[Result "0-1"]
[WhiteElo "2885"]
[BlackElo "2654"]
[TimeControl "180+2"]
[EndTime "13:37:56 PST"]
[Termination "GukeshDommaraju won by resignation"]

1. e4 c6 2. Nc3 d5 3. d4 dxe4 4. Nxe4 Nf6 5. Nxf6+ exf6 6. c3 Bd6 7. Bd3 O-O 8. Qc2 f5 9. Ne2 Re8 10. Bd2 Qh4 11. h3 g6 12. Qc1 f4 13. Kd1 Qxf2 14.
Bxf4 Bxf4 15. Nxf4 Re3 16. Bc4 Qxf4 17. Rf1 Qe4 18.
Bxf7+ Kg7 19. Bc4 Be6 20. Bxe6 Qd3+ 21. Qd2 Qxf1+ 22. Kc2 Qe2 23. Bg4 Qxd2+ 24. Kxd2 Re7 25. a4 Nd7 26. a5 a6 27. Bf3 Nf6 28. Ra4 Ne4+ 29.
Kd3 Nd6 30. Rb4 Rae8 31. Kc2 Nf5 32. Kb3 Nh4 33. Kc4 Nxf3 34. gxf3 Rf8 35. Kc5 Rf5+ 36. Kb6 Rb5+ 37. Rxb5 axb5 38. a6 bxa6 39. Kxc6 Re2 40. d5 Rxb2 0-1

[Event "*** Titled Tuesday Blitz"]
[Site "Chess.com"]
[Date "2018.11.06"]
[Round "3"]
[White "dhanushbharadwaj"]
[Black "TomsKantans"]
[Result "1-0"]
[WhiteElo "2491"]
[BlackElo "2498"]
[TimeControl "180+2"]
[EndTime "13:38:01 PST"]
[Termination "dhanushbharadwaj won on time"]

1. Nf3 c5 2. c4 Nc6 3. Nc3 g6 4. e3 Nf6 5. d4 cxd4 6. exd4 d5 7. cxd5 Nxd5 8. Bc4 e6 9. O-O Bg7 10. Bxd5 exd5 11. Re1+ Be6 12. Ng5 O-O 13. Nxe6 fxe6 14.
Rxe6 Bxd4 15. Re2 Qh4 16. g3 Qh5 17. Bf4 Rxf4 18. gxf4 Qg4+ 19. Kh1 Rf8 20. Qd3 Rxf4 21. Nxd5 Rf3 22. Qe4 Qxe4 23. Rxe4 Rxf2 24. Ne7+ Nxe7 25.
Rxe7 Rxb2 26. Rd1 Bg7 27. Kg1 Bf8 28. Re8 Kf7 29. Rc8 1-0

[Event "*** Titled Tuesday Blitz"]
[Site "Chess.com"]
[Date "2018.11.06"]
[Round "3"]
[White "BIG_Pirate"]
[Black "Sordis"]
[Result "0-1"]
[WhiteElo "2387"]
[BlackElo "2279"]
[TimeControl "180+2"]
[EndTime "13:38:03 PST"]
[Termination "Sordis won by resignation"]

1. Nf3 Nf6 2. c4 g6 3. Nc3 Bg7 4. g3 O-O 5. Bg2 d6 6. O-O e5 7. d3 Nc6 8. Rb1 a5 9. a3 h6 10. b4 axb4 11. axb4 Ne7 12. Qb3 Be6 13. Bb2 Qd7 14.
Rfc1 c6 15. Ra1 b5 16. Nd2 bxc4 17. Nxc4 Rxa1 18. Rxa1 Rb8 19. Ra4 Ned5 20. Qa3 Nxc3 21. Bxc3 Nd5 22. Bd2 Kh7 23. Ra7 Qd8 24. h4 Nb6 25. Nxb6 Qxb6 26. Ra6 Qd8 27. Rxc6 d5 28. Qa5 Qxa5 29. bxa5 Rb2 30. Bc3 Rxe2 31. a6 Ra2 32.
Bf1 d4 33. Bb4 Ra1 34. Kg2 Bd5+ 0-1

[Event "*** Titled Tuesday Blitz"]
[Site "Chess.com"]
[Date "2018.11.06"]
[Round "3"]
[White "FairChess_on_YouTube"]
[Black "dreamist"]
[Result "1-0"]
[WhiteElo "2933"]
[BlackElo "2679"]
[TimeControl "180+2"]
[EndTime "13:38:13 PST"]
[Termination "FairChess_on_YouTube won by resignation"]

1. e4 c5 2. Nc3 Nc6 3. Nf3 g6 4. d4 cxd4 5. Nxd4 Bg7 6. Nxc6 bxc6 7. Bc4 d6 8. O-O Nf6 9. e5 dxe5 10. Qxd8+ Kxd8 11. Re1 e6 12. Rxe5 Nd5 13. Re2 Rb8 14. Na4 Rb4 15. Bb3 Ba6 16. Rd2 Kc7 17. Nc5 Bc8 18. c4 Ne7 19. Rd3 Rd8 20. Bd2 Rxd3 21. Bxb4 Rd6 22. Ne4 Rd7 23. Nc5 Rd6 24. g4 h5 25.
gxh5 gxh5 26. Bc2 Nf5 27. Nb3 Rd4 28. Bxf5 Rxc4 29. Ba5+ Kb7 30. Bd3 Rg4+ 31. Kf1 e5 32.
Nc5+ Kb8 33. Rd1 f5 34. Be2 1-0

[Event "*** Titled Tuesday Blitz"]
[Site "Chess.com"]
[Date "2018.11.06"]
[Round "3"]
[White "vpantev"]
[Black "JSMastropiero"]
[Result "1-0"]
[WhiteElo "2535"]
[BlackElo "2292"]
[TimeControl "180+2"]
[EndTime "13:38:19 PST"]
[Termination "vpantev won by checkmate"]

1. d3 c5 2. c4 Nc6 3. Nc3 g6 4. g3 Bg7 5. Bg2 d6 6. h4 h5 7.
Nf3 Bf5 8. Ng5 Nh6 9. Bd2 f6 10.
Nge4 Qd7 11. Nd5 O-O 12. Qc1 Nf7 13. Nf4 e5 14. Nd5 Nfd8 15. Nec3 Be6 16. O-O Bh3 17. a3 Bxg2 18. Kxg2 Nd4 19. Qd1 a5 20. e3 N4c6 21. Kh2 Rb8 22. Rg1 f5 23. Rb1 Ne7 24. b4 axb4 25.
axb4 Nxd5 26. Nxd5 Nc6 27. bxc5 dxc5 28. Rb5 Qd6 29.
Qb3 Rf7 30. Qa3 Bf8 31. Rgb1 e4 32. Bc3 exd3 33. Rd1 Ne5 34. Bxe5 Qxe5 35. Qxd3 Kh7 36. Rdb1 Bg7 37. R1b3 Bf6 38. Rb6 Bxh4 39. f4 Bxg3+ 40. Kxg3 Qa1 41. Qb1 Qa5 42. Rxb7 Rbxb7 43. Rxb7 Rxb7 44.
Qxb7+ Kh6 45. Qb2 Qe1+ 46. Qf2 Qc1 47. Qe2 Qg1+ 48. Qg2 Qe1+ 49. Kh3 Qd1 50. Qg5+ Kg7 51. Qe7+ Kh6 52. Qf8+ Kh7 53. Nf6# 1-0

[Event "*** Titled Tuesday Blitz"]
[Site "Chess.com"]
[Date "2018.11.06"]
[Round "3"]
[White "ddtru"]
[Black "hypert"]
[Result "0-1"]
[WhiteElo "2298"]
[BlackElo "2359"]
[TimeControl "180+2"]
[EndTime "13:38:27 PST"]
[Termination "hypert won by resignation"]

1. d4 Nf6 2. Nf3 d5 3. c4 e6 4. Nc3 Bb4 5. Qa4+ Nc6 6. e3 O-O 7. Qc2 dxc4 8. Bxc4 a6 9. O-O Bd6 10. e4 e5 11. d5 Ne7 12. h3 Ng6 13. Ne2 Nh5 14.
Bg5 Qe8 15. Qd2 h6 16. Be3 f5 17. exf5 Rxf5 18. Nh2 Ngf4 19. Ng3 Rg5 20. Bxf4 exf4 21. Nxh5 Qxh5 22. Be2 Rxg2+ 23. Kxg2 Bxh3+ 24. Kh1 f3 25. Rg1 Bxh2 26. Bxf3 Qh4 27. Rg4 Bxg4 28. Bxg4 Bf4+ 0-1

[Event "*** Titled Tuesday Blitz"]
[Site "Chess.com"]
[Date "2018.11.06"]
[Round "3"]
[White "sergeikim"]
[Black "NTBT_DHS"]
[Result "0-1"]
[WhiteElo "2481"]
[BlackElo "2733"]
[TimeControl "180+2"]
[EndTime "13:38:28 PST"]
[Termination "NTBT_DHS won by resignation"]

1. d4 Nf6 2. c4 g6 3. Nc3 Bg7 4. e4 O-O 5. Nge2 d6 6. Ng3 c5 7. d5 e6 8. Be2 exd5 9. cxd5 a6 10.
a4 h5 11. Bg5 Qb6 12. Qd2 Nh7 13. Bh4 Nd7 14. O-O Ne5 15. a5 Qb4 16. Ra4 Nf3+ 17. Bxf3 Bxc3 18. Qd1 Qxb2 19. Be7 Be5 20. Bxf8 Nxf8 21.
Qc1 Qb5 22. Ra2 Bd7 23. Qh6 Qb3 24. Rd2 Qc3 25. Rfd1 Qxa5 26. Bxh5 Bg7 27. Qg5 gxh5 28. Nxh5 Ng6 29. f4 Qd8 30. Qg3 Qh4 31. Nxg7 Qxg3 32.
hxg3 Kxg7 33. Rb2 b5 34. Ra1 b4 35. Kf2 Bb5 36. Kf3 a5 37. g4 a4 0-1

[Event "*** Titled Tuesday Blitz"]
[Site "Chess.com"]
[Date "2018.11.06"]
[Round "3"]
[White "GameOverBro"]
[Black "Caterpiller35"]
[Result "0-1"]
[WhiteElo "2389"]
[BlackElo "2284"]
[TimeControl "180+2"]
[EndTime "13:38:34 PST"]
[Termination "Caterpiller35 won by checkmate"]

1. e4 c5 2. Ne2 g6 3. Nbc3 Bg7 4. d4 cxd4 5. Nxd4 Nc6 6. Nde2 d6 7. g3 h5 8. h3 Nf6 9. Bg2 Bd7 10. a4 Rc8 11.
Bg5 O-O 12. Qd2 Ne5 13. b3 Qa5 14. Bxf6 Bxf6 15. Nd5 Qxd2+ 16. Kxd2 Kg7 17. c4 Nxc4+ 18. bxc4 Bxa1 19. Rxa1 Rxc4 20. Nxe7 Rxa4 21. Rb1 b5 22. Nd5 Ra2+ 23. Ke3 Bc6 24. Nec3 Bxd5 25. exd5 Re8+ 26. Kd4 Rxf2 27. Be4 a6 28. Bd3 Rf3 29. g4 Rxh3 30.
gxh5 Ree3 31. Rd1 Rxd3+ 32. Rxd3 Rxd3+ 33. Kxd3 gxh5 34. Ne4 h4 35. Nxd6 h3 36. Nf5+ Kf8 37. Ng3 Ke7 38. Kd4 Kd6 39. Ne4+ Kd7 40. Ng3 a5 41.
Kc5 b4 42. d6 h2 43. Ne4 f5 44. Nf6+ Kd8 45. Nd5 h1=Q 46. Nc7 Qc1+ 47. Kb6 Qxc7+ 48. dxc7+ Kc8 49. Kxa5 b3 50. Kb5 b2 51. Kc5 b1=Q 52.
Kd5 Qe4+ 53. Kd6 f4 54. Kc5 f3 55. Kb6 f2 56. Ka7 f1=Q 57. Kb6 Qfb1+ 58. Kc5 Qbc2+ 59. Kd6 Qcd3+ 60. Kc5 Qec4+ 61. Kb6 Qdb3+ 62. Ka7 Qca4# 0-1

[Event "*** Titled Tuesday Blitz"]
[Site "Chess.com"]
[Date "2018.11.06"]
[Round "3"]
[White "Saitama_Hero"]
[Black "xamax2000"]
[Result "0-1"]
[WhiteElo "2352"]
[BlackElo "2498"]
[TimeControl "180+2"]
[EndTime "13:38:38 PST"]
[Termination "xamax2000 won on time"]

1. d4 Nf6 2. c4 g6 3. Nc3 Bg7 4. e4 d6 5. f4 O-O 6. Nf3 Na6 7. Bd3 Bg4 8. e5 Nd7 9. h3 Bxf3 10. Qxf3 c5 11. d5 dxe5 12. f5 e6 13. fxe6 fxe6 14.
Qg4 Nb4 15. Bb1 exd5 16. cxd5 Nf6 17. Qc4 Nfxd5 18. a3 b5 19. Nxb5 Nc6 20. Ba2 Kh8 21. h4 Nf4 22. Bxf4 Rxf4 23. Qe6 Nd4 24. Nxd4 Qxd4 25. Qd5 Qe3+ 0-1

[Event "*** Titled Tuesday Blitz"]
[Site "Chess.com"]
[Date "2018.11.06"]
[Round "3"]
[White "Msb2"]
[Black "VladDobrov"]
[Result "1-0"]
[WhiteElo "2883"]
[BlackElo "2717"]
[TimeControl "180+2"]
[EndTime "13:38:40 PST"]
[Termination "Msb2 won by resignation"]

1. d4 Nf6 2. c4 e6 3. g3 Bb4+ 4.
Bd2 c5 5. Bxb4 cxb4 6. Bg2 O-O 7.
e3 d6 8. Ne2 a5 9. O-O Qc7 10.
Nd2 Na6 11. e4 e5 12. Kh1 Re8 13. f3 Bd7 14. Rc1 Rac8 15. Re1 exd4 16. Nxd4 Nc5 17. Nf1 Qb6 18. Ne3 Rcd8 19. Qd2 h6 20. Nef5 Be6 21. Rcd1 Bxc4 22. Nxg7 Nd3 23. Nxe8 Nxe8 24. Bf1 Qxd4 25. Bxd3 Bxa2 26. Qxh6 Qf6 27. Qxf6 Nxf6 28. Ra1 b3 29. Bb1 Bxb1 30. Rexb1 b6 31. Rc1 d5 32. e5 Nd7 33. f4 Nc5 34. Rd1 d4 35. Kg2 d3 36.
Kf3 a4 37. Ke3 b5 38. Rac1 Rd5 39. h4 b4 40. Rc4 a3 41. Rxb4 axb2 42. Kd2 Kg7 43.
Rb1 Kg6 44. g4 f6 45. h5+ Kf7 46. exf6 Kxf6 47. Rxb2 Rd8 48. Rc4 1-0

[Event "*** Titled Tuesday Blitz"]
[Site "Chess.com"]
[Date "2018.11.06"]
[Round "3"]
[White "Mbneu"]
[Black "2165149677570"]
[Result "1-0"]
[WhiteElo "2287"]
[BlackElo "2390"]
[TimeControl "180+2"]
[EndTime "13:38:40 PST"]
[Termination "Mbneu won on time"]

1. d4 Nf6 2. c4 e6 3. Nc3 Bb4 4. Bg5 b6 5. Nf3 Bb7 6. e3 h6 7. Bh4 g5 8. Bg3 Ne4 9. Nd2 Nxc3 10. bxc3 Bxc3 11. Rc1 Ba5 12. h4 d6 13. hxg5 Qxg5 14. Rh5 Qg6 15. Rxa5 bxa5 16. Qb3 Bc6 17. Bd3 Qf6 18.
Be4 Bxe4 19. Nxe4 Qf5 20. Qb7 O-O 21. Qxa8 Na6 22. Qb7 Nb4 23. Ke2 d5 24. cxd5 exd5 25. Nc5 Qg4+ 26. Kf1 Qh5 27. Kg1 Qg6 28. Qxc7 h5 29.
Qf4 Nxa2 30. Re1 Nc3 31. Nd7 a4 32. Nxf8 Kxf8 33. Qb8+ Kg7 34. Be5+ f6 35. Qc7+ Kh6 36. Bf4+ 1-0

[Event "*** Titled Tuesday Blitz"]
[Site "Chess.com"]
[Date "2018.11.06"]
[Round "3"]
[White "Zhuu96"]
[Black "iturrizaga"]
[Result "1/2-1/2"]
[WhiteElo "2863"]
[BlackElo "2672"]
[TimeControl "180+2"]
[EndTime "13:38:44 PST"]
[Termination "Game drawn by repetition"]

1. e4 c5 2. Nf3 g6 3. Nc3 Bg7 4. d4 cxd4 5. Nxd4 Nc6 6. Be3 Nf6 7. Bc4 O-O 8. f3 Qb6 9. Bb3 Ng4 10. fxg4 Bxd4 11.
Nd5 Qa5+ 12. Bd2 Qd8 13. Bh6 Bxb2 14. Bxf8 Qxf8 15. O-O e6 16. Nf6+ Kg7 17. g5 Qc5+ 18. Kh1 Qxg5 19. Ne8+ Kg8 20. Nd6 Ne5 21. Rb1 Ba3 22.
Ba4 a6 23. Nxc8 Rxc8 24. Rxb7 Rc4 25. Bxd7 Rxe4 26. Be8 Rf4 27. h3 Qf5 28. Re1 Rf2 29.
Qd4 Rf1+ 30. Rxf1 Qxf1+ 31. Kh2 Nf3+ 32. gxf3 Bd6+ 33. Qxd6 Qf2+ 34. Kh1 Qf1+ 35. Kh2 Qf2+ 36. Kh1 Qf1+ 37. Kh2 1/2-1/2

[Event "*** Titled Tuesday Blitz"]
[Site "Chess.com"]
[Date "2018.11.06"]
[Round "3"]
[White "lucasmito"]
[Black "moro182"]
[Result "0-1"]
[WhiteElo "2463"]
[BlackElo "2726"]
[TimeControl "180+2"]
[EndTime "13:38:46 PST"]
[Termination "moro182 won by resignation"]

1. e4 e5 2. Nf3 Nc6 3. d4 exd4 4. Nxd4 Bc5 5. Be3 Qf6 6. c3 Nge7 7. g3 d5 8. Bg2 dxe4 9. Nd2 Nxd4 10. cxd4 Bb6 11. O-O O-O 12. Nxe4 Qg6 13. Nc5 c6 14. b4 Rd8 15.
Qb3 Nd5 16. a4 Rb8 17. Rfe1 Bc7 18. Rad1 Bf5 19. Qb2 a5 20. b5 Nb4 21. Rd2 h6 22. Red1 Bd6 23. Nb3 Bc7 24. Nc5 b6 25. Nb3 cxb5 26.
axb5 Bd6 27. d5 Nc2 28. Bd4 a4 29. Nc1 Nxd4 30. Qxd4 a3 31. Na2 Bc5 32. Qf4 Bd6 33. Qf3 Rbc8 34. Nc3 Bg4 35. Qe3 Bxd1 36. Rxd1 Bc5 37.
Qf4 Bxf2+ 38. Qxf2 Rxc3 39. Qxb6 Qxb6+ 0-1

[Event "*** Titled Tuesday Blitz"]
[Site "Chess.com"]
[Date "2018.11.06"]
[Round "3"]
[White "AsaHoffmann"]
[Black "Blagorod"]
[Result "1-0"]
[WhiteElo "2061"]
[BlackElo "2079"]
[TimeControl "180+2"]
[EndTime "13:38:46 PST"]
[Termination "AsaHoffmann won by resignation"]

1. d4 d5 2. Bg5 h6 3. Bh4 Nf6 4. Bxf6 exf6 5. e3 Bd6 6. Bd3 O-O 7. Qf3 c6 8. Nd2 a5 9. Ne2 Na6 10. a3 Nc7 11. g4 Ne6 12. h4 b5 13. O-O-O b4 14. a4 Qe7 15. Rdg1 c5 16. dxc5 Bxc5 17. Ng3 g6 18. h5 Ng5 19. Qe2 Kg7 20. Nf3 Bxg4 21.
hxg6 fxg6 22. Bxg6 f5 23. Bh5 Nxf3 24. Bxg4 fxg4 25.
Nh5+ Kh7 26. Rxg4 b3 27. Rg7+ Qxg7 28. Nxg7 Kxg7 29. cxb3 Rac8 30. Kb1 Bb4 31. Qa6 Rc7 32. Qxh6+ Kf7 33. Qh7+ Ke6 34. Qxc7 Nd2+ 35. Ka2 Rxf2 36. Rh6+ Kf5 37. Qf7+ Ke4 38. Qxf2 Kd3 39. Rh5 d4 40.
Rd5 Kc2 41. Rxd4 Bc3 42. Rxd2+ Bxd2 43. Qxd2+ Kxd2 44. e4 1-0

[Event "*** Titled Tuesday Blitz"]
[Site "Chess.com"]
[Date "2018.11.06"]
[Round "3"]
[White "paladin_ll"]
[Black "colegiodemadrid"]
[Result "1/2-1/2"]
[WhiteElo "2159"]
[BlackElo "2201"]
[TimeControl "180+2"]
[EndTime "13:38:46 PST"]
[Termination "Game drawn - insufficient material"]

1. Nf3 g6 2. c4 Nf6 3. Nc3 Bg7 4. g3 O-O 5. Bg2 d6 6. O-O Nc6 7. d3 a6 8. Rb1 e5 9. Bg5 h6 10. Bxf6 Qxf6 11. Nd5 Qd8 12. b4 Ne7 13. Nd2 c6 14.
Nxe7+ Qxe7 15. a4 Kh7 16. b5 axb5 17. axb5 Qc7 18. Qb3 Be6 19. Bf3 f5 20. bxc6 bxc6 21. Qb7 Rfc8 22. Qxc7 Rxc7 23. Rb6 Rac8 24. Rfb1 g5 25.
Rb7 Kg6 26. h3 Kf7 27. g4 Ke8 28. gxf5 Bxf5 29. Bg4 Bxg4 30. hxg4 Kd7 31. Ne4 Rxb7 32. Rxb7+ Rc7 33. Rxc7+ Kxc7 34. Ng3 d5 35. cxd5 cxd5 36. Kg2 Kd7 37. e4 Ke6 38. Nf5 Bf8 39. Ne3 dxe4 40. dxe4 Kf6 41. Kf3 Kg6 42. Nc4 Bg7 43. Ne3 Bf8 44.
Nf1 Bc5 45. Ng3 Bd4 46. Nh5 Bc3 47. Ke2 Bd4 48. f3 Bb2 49. Kd3 Bd4 50. Kc4 Bb2 51. Kd5 Bd4 52. Ke6 Bc3 53. Ng3 Bb2 54. Nf5 h5 55.
Ne7+ Kh6 56. gxh5 Kxh5 57. Nc6 Kh4 58. Nxe5 Kg3 59. Nf7 Kxf3 60. Nxg5+ Kf4 61. Nf3 Kxf3 62. e5 Ke4 63. Kd6 Kf5 64. e6 Ba3+ 65. Kd7 Kf6 66. e7 Bxe7 1/2-1/2

[Event "*** Titled Tuesday Blitz"]
[Site "Chess.com"]
[Date "2018.11.06"]
[Round "3"]
[White "evgenysharapov"]
[Black "pultineviciuspaulius"]
[Result "0-1"]
[WhiteElo "2406"]
[BlackElo "2577"]
[TimeControl "180+2"]
[EndTime "13:38:47 PST"]
[Termination "pultineviciuspaulius won by resignation"]

1. c4 Nf6 2. Nc3 e5 3. Nf3 Nc6 4. g3 Bb4 5. Bg2 Bxc3 6. dxc3 O-O 7. O-O Re8 8. Ne1 h6 9. Nc2 d6 10. Ne3 Be6 11. Nd5 Nd7 12. Be3 Nb6 13. b3 Rb8 14. Qd2 Ne7 15. Nxe7+ Qxe7 16. a4 c6 17. Rfd1 Red8 18. a5 Nc8 19. a6 bxa6 20. Qc2 d5 21.
cxd5 cxd5 22. Rxa6 Qb7 23. Ra3 Qe7 24. Rda1 Rb7 25. c4 Rc7 26. Qb2 dxc4 27. bxc4 Bxc4 28. Ra5 f6 29. Bf3 a6 30. Rc1 Bb5 31. Raa1 Kh8 32.
Rxc7 Qxc7 33. Rc1 Qd7 34. h4 Ne7 35. Be4 Nf5 36. Bb6 Rc8 37. Rxc8+ Qxc8 38. Qc2 Qxc2 39. Bxc2 Nd4 40. Bxd4 exd4 41. Kf1 Kg8 42. Ke1 Kf8 43.
Kd2 Ke7 44. e3 d3 45. Bxd3 Bxd3 46. Kxd3 f5 47. f3 Kd6 48. h5 a5 49. Kc4 a4 50.
Kb4 Kd5 51. Kxa4 Kc4 52. e4 fxe4 53. fxe4 Kd4 54. Kb5 Kxe4 55. Kc6 Kf3 56. Kd6 Kxg3 57. Ke6 Kg4 0-1

[Event "*** Titled Tuesday Blitz"]
[Site "Chess.com"]
[Date "2018.11.06"]
[Round "3"]
[White "brother-bear"]
[Black "sandager"]
[Result "0-1"]
[WhiteElo "2027"]
[BlackElo "2130"]
[TimeControl "180+2"]
[EndTime "13:38:47 PST"]
[Termination "sandager won by resignation"]

1. e4 e5 2. Nc3 Nf6 3. Nf3 Nc6 4. Bb5 Bb4 5. O-O O-O 6. d3 d6 7.
Bg5 h6 8. Bxf6 gxf6 9. Nd5 Bc5 10. Nh4 Nd4 11. Bc4 c6 12. Ne3 f5 13. c3 Qxh4 14.
cxd4 Bxd4 15. Nxf5 Bxf5 16. exf5 Kh7 17. Qf3 d5 18.
Bb3 Rg8 19. Rab1 Rg5 20. f6 Rag8 21. g3 Rxg3+ 22. hxg3 Rxg3+ 23. Qxg3 Qxg3+ 24. Kh1 Bxf2 25. Rxf2 Qxf2 26. Bd1 Qxf6 27. Kg2 Qg5+ 28. Kf2 Qd2+ 29. Be2 f5 30. a3 f4 31. b4 e4 32. dxe4 dxe4 33.
Rd1 Qe3+ 34. Kf1 Qh3+ 35. Ke1 Qg3+ 36. Kd2 Qe3+ 37. Ke1 f3 0-1

[Event "*** Titled Tuesday Blitz"]
[Site "Chess.com"]
[Date "2018.11.06"]
[Round "3"]
[White "Assasin14"]
[Black "NemtsevIgor"]
[Result "1/2-1/2"]
[WhiteElo "2231"]
[BlackElo "2388"]
[TimeControl "180+2"]
[EndTime "13:38:50 PST"]
[Termination "Game drawn by agreement"]

1. e4 c6 2. d4 d5 3. exd5 cxd5 4. Bd3 Nc6 5. c3 Nf6 6. h3 g6 7. Nf3 Bf5 8. O-O Bxd3 9. Qxd3 Bg7 10. Bf4 O-O 11.
Nbd2 e6 12. Rfe1 a6 13. a4 Rc8 14. Ne5 Nxe5 15. Bxe5 Nd7 16. Bh2 Qg5 17. a5 Qf5 18. Qxf5 gxf5 19. Ra3 Bh6 20. Nf3 Rc6 21. Rb3 b5 22. axb6 Rxb6 23. Rxb6 Nxb6 24. Ra1 Nc4 25. b3 Nd2 26. Nxd2 Bxd2 27. c4 dxc4 28. bxc4 Bc3 29.
Rxa6 Bxd4 30. Bf4 Rc8 31. Ra4 e5 32. Be3 Bxe3 33. fxe3 Rb8 34. Kf2 Rb2+ 35. Kf3 Kg7 36. g4 Kg6 37. Ra8 e4+ 38. Kf4 Rf2+ 39. Ke5 fxg4 40.
hxg4 Rc2 41. Ra6+ Kg5 42. Kxe4 Rxc4+ 43. Kf3 Rxg4 44. Ra7 Rg1 45. Kf2 Rb1 46. Rxf7 h5 47. Rg7+ Kf5 48. Rh7 Kg4 49. Rg7+ Kf5 50. Rh7 Kg4 51.
Rg7+ 1/2-1/2

[Event "*** Titled Tuesday Blitz"]
[Site "Chess.com"]
[Date "2018.11.06"]
[Round "3"]
[White "EphiphanyLord"]
[Black "RaphaeI"]
[Result "0-1"]
[WhiteElo "2574"]
[BlackElo "2546"]
[TimeControl "180+2"]
[EndTime "13:38:51 PST"]
[Termination "RaphaeI won by resignation"]

1. e4 c5 2. Nf3 g6 3. c3 Bg7 4.
d4 cxd4 5. cxd4 d5 6. exd5 Nf6 7. Nc3 Nxd5 8. Bc4 Nb6 9. Bb3 O-O 10. O-O Bg4 11. Be3 Nc6 12. h3 Bxf3 13. Qxf3 Nxd4 14. Bxd4 Qxd4 15. Qxb7 e6 16. Rad1 Qb4 17. Rd3 a5 18. Rfd1 Rfb8 19. Qc7 a4 20. Bc2 Qxb2 21. Ne4 Nd5 22.
Rxd5 exd5 23. Nd6 Rf8 24. Rxd5 Qxa2 25. Be4 Qa1+ 26. Kh2 Be5+ 27. g3 Qb2 28. Kg2 a3 29. Rd1 a2 30. Bxa8 Bxd6 31. Qxd6 Rxa8 0-1

[Event "*** Titled Tuesday Blitz"]
[Site "Chess.com"]
[Date "2018.11.06"]
[Round "3"]
[White "Me_ch_an"]
[Black "ChainsOfFantasia"]
[Result "0-1"]
[WhiteElo "2230"]
[BlackElo "2348"]
[TimeControl "180+2"]
[EndTime "13:38:51 PST"]
[Termination "ChainsOfFantasia won by resignation"]

1. e4 e6 2. d4 d5 3. e5 c5 4. c3 Nc6 5. g3 Qb6 6. Ne2 f6 7. Nf4 fxe5 8. Qh5+ Kd7 9. dxe5 Nge7 10. Bh3 Nd8 11. O-O g6 12. Qd1 Ke8 13. Nd2 Bg7 14. Nf3 Nf7 15. Re1 Nf5 16. Bxf5 gxf5 17. Nh5 Rg8 18.
Qa4+ Bd7 19. Qh4 Qd8 20. Nf6+ Bxf6 21. exf6 Rg6 22. Qxh7 Qxf6 23. Nh4 Rg7 24. Qh5 Kd8 25. Be3 Kc7 26. Kh1 Rh8 27. Qe2 d4 28. Bf4+ e5 29.
Bxe5+ Nxe5 30. Qxe5+ Qxe5 31. Rxe5 Rxh4 32. cxd4 Bc6+ 33.
d5 Kd6 34. f4 Rxf4 35. Kg1 Kxe5 0-1